General information
- name: BNet
- type: Ladder team game (AT/RT)
- host: Battle.net
- saver: 13fr6
map: LastManStanding
- players: 8
- length: 24:13
- speed: Fast
- version: 1.27 W3XP
- replay type: Public
» download(163 KB)
Players
team 1 (loser)
dixout (
red | 31 APM | 751 actions | 24:13)
4 Blademaster
2 Critical Strike
2 Wind Walk
» actions
| Assign group hotkey | 7 | |
| Basic commands | 66 | |
| Build / train | 59 | |
| Enter build submenu | 13 | |
| Enter hero's abilities submenu | 4 | |
| Remove unit from queue | 7 | |
| Right click | 343 | |
| Select / deselect | 198 | |
| Select group hotkey | 22 | |
| Use ability | 32 | |
751 total
» units
| Peon | 12 | |
| Troll Batrider | 12 | |
| Wind Rider | 4 | |
28 total
» upgrades
| Ranged Weapons | 3 | |
| Armor | 3 | |
| Liquid Fire | 1 | |
7 total
» buildings
| Orc Burrow | 4 | |
| War Mill | 1 | |
| Barracks | 1 | |
| Altar of Storms | 1 | |
| Stronghold | 3 | |
| Voodoo Lounge | 2 | |
| Fortress | 2 | |
| Beastiary | 3 | |
17 total
» build order
00:24 Orc Burrow
00:45 War Mill
01:16 Barracks
01:22 Altar of Storms
02:40 Orc Burrow
02:54 Stronghold
02:54 Stronghold
02:54 Stronghold
04:34 Voodoo Lounge
04:36 Voodoo Lounge
05:38 Fortress
05:39 Fortress
05:45 Beastiary
05:47 Beastiary
05:49 Beastiary
05:58 Orc Burrow
06:01 Orc Burrow
» items
| Orb of Lightning | 1 | |
| Healing Salve | 1 | |
| Lesser Clarity Potion | 1 | |
3 total
13fr6 (
pink | 49 APM | 1187 actions | 24:13)
6 Pit Lord
3 Rain of Fire
2 Cleaving Attack
1 Doom
5 Blood Mage
3 Flame Strike
2 Siphon Mana
» actions
| Assign group hotkey | 15 | |
| Basic commands | 15 | |
| Build / train | 109 | |
| Enter build submenu | 46 | |
| Enter hero's abilities submenu | 11 | |
| Give item / drop item | 3 | |
| Remove unit from queue | 3 | |
| Right click | 515 | |
| Select / deselect | 257 | |
| Select group hotkey | 74 | |
| Use ability | 139 | |
1187 total
» units
| Peasant | 22 | |
| Footman | 9 | |
| Goblin Shredder | 2 | |
| Goblin Zeppelin | 7 | |
| Siege Engine | 3 | |
| Flying Machine | 8 | |
51 total
» upgrades
| Masonry | 2 | |
| Gunpowder | 3 | |
| Barrage | 1 | |
| Plating | 2 | |
| Flak Cannons | 1 | |
9 total
» buildings
| Barracks | 1 | |
| Farm | 17 | |
| Altar of Kings | 2 | |
| Lumber Mill | 1 | |
| Town Hall | 2 | |
| Keep | 1 | |
| Castle | 3 | |
| Blacksmith | 2 | |
| Scout Tower | 22 | |
| Guard Tower | 5 | |
| Workshop | 6 | |
| Cannon Tower | 1 | |
63 total
» build order
00:28 Barracks
00:45 Farm
01:13 Altar of Kings
01:18 Lumber Mill
01:25 Farm
02:02 Farm
03:08 Farm
03:33 Farm
04:21 Town Hall
06:00 Keep
06:56 Town Hall
08:37 Castle
08:37 Castle
08:38 Castle
08:40 Blacksmith
08:42 Scout Tower
08:43 Scout Tower
08:45 Scout Tower
08:46 Scout Tower
08:46 Scout Tower
08:49 Scout Tower
08:49 Scout Tower
08:58 Scout Tower
08:59 Scout Tower
09:00 Scout Tower
09:00 Scout Tower
09:25 Guard Tower
09:28 Scout Tower
09:28 Scout Tower
09:29 Scout Tower
09:31 Scout Tower
09:31 Scout Tower
09:31 Scout Tower
09:32 Scout Tower
09:32 Scout Tower
09:33 Scout Tower
09:42 Farm
09:46 Scout Tower
09:49 Guard Tower
09:57 Blacksmith
10:04 Workshop
10:23 Workshop
10:30 Workshop
10:37 Workshop
10:41 Workshop
10:47 Workshop
11:20 Guard Tower
11:28 Farm
11:30 Farm
12:04 Farm
12:27 Guard Tower
16:38 Guard Tower
19:43 Farm
19:44 Farm
19:46 Farm
19:47 Farm
19:50 Farm
19:51 Farm
19:52 Farm
19:54 Altar of Kings
19:56 Cannon Tower
19:58 Farm
» items
| Scroll of Town Portal | 2 | |
| Potion of Healing | 6 | |
| Potion of Mana | 3 | |
| Scroll of Speed | 1 | |
| Lesser Clarity Potion | 1 | |
| Healing Salve | 1 | |
14 total
PVTMcNuugets (
green | 33 APM | 783 actions | 24:03)
3 Blood Mage
2 Flame Strike
1 Siphon Mana
» actions
| Assign group hotkey | 13 | |
| Basic commands | 5 | |
| Build / train | 46 | |
| Enter build submenu | 20 | |
| Enter hero's abilities submenu | 3 | |
| Give item / drop item | 1 | |
| Right click | 250 | |
| Select / deselect | 318 | |
| Select group hotkey | 84 | |
| Use ability | 41 | |
783 total
» units
| Peasant | 9 | |
| Footman | 6 | |
| Gryphon Rider | 6 | |
21 total
» upgrades
| Lumber Harvesting | 1 | |
| Masonry | 1 | |
| Swords | 3 | |
| Plating | 1 | |
| Storm Hammers | 1 | |
7 total
» buildings
| Altar of Kings | 1 | |
| Farm | 11 | |
| Barracks | 1 | |
| Scout Tower | 5 | |
| Arcane Tower | 2 | |
| Lumber Mill | 1 | |
| Arcane Vault | 1 | |
| Keep | 1 | |
| Guard Tower | 3 | |
| Gryphon Aviary | 2 | |
| Castle | 1 | |
| Blacksmith | 1 | |
30 total
» build order
00:28 Altar of Kings
00:38 Farm
00:58 Barracks
02:09 Farm
02:23 Scout Tower
03:20 Arcane Tower
03:24 Farm
03:31 Farm
03:45 Lumber Mill
04:12 Farm
04:27 Arcane Vault
05:19 Farm
06:06 Scout Tower
06:10 Keep
06:47 Guard Tower
06:56 Scout Tower
07:45 Guard Tower
08:47 Gryphon Aviary
08:49 Gryphon Aviary
09:29 Castle
10:09 Blacksmith
14:25 Farm
14:25 Farm
16:53 Farm
16:54 Farm
16:55 Farm
17:01 Scout Tower
17:03 Scout Tower
18:20 Guard Tower
18:22 Arcane Tower
» items
| Scroll of Regeneration | 2 | |
| Lesser Clarity Potion | 2 | |
| Orb of Fire | 1 | |
| Scroll of Town Portal | 1 | |
| Potion of Mana | 1 | |
7 total

»
FulgoRifiK (
orange | 31 APM | 759 actions | 24:13)
6 Priestess of the Moon
3 Trueshot Aura
2 Searing Arrows
1 Starfall
» actions
| Build / train | 92 | |
| Enter build submenu | 15 | |
| Enter hero's abilities submenu | 6 | |
| Give item / drop item | 2 | |
| Remove unit from queue | 3 | |
| Right click | 336 | |
| Select / deselect | 279 | |
| Use ability | 25 | |
759 total
» units
» upgrades
| Strength of the Moon | 3 | |
| Moon Armor | 3 | |
| Ultravision | 1 | |
| Improved Bows | 1 | |
| Marksmanship | 1 | |
| Well Spring | 1 | |
10 total
» buildings
| Moon Well | 9 | |
| Altar of Elders | 1 | |
| Ancient of War | 3 | |
| Ancient of Wonders | 1 | |
| Hunter's Hall | 1 | |
| Tree of Ages | 1 | |
| Tree of Eternity | 1 | |
17 total
» build order
00:34 Moon Well
00:51 Altar of Elders
01:12 Ancient of War
01:37 Moon Well
02:00 Ancient of Wonders
02:24 Ancient of War
02:33 Moon Well
02:56 Ancient of War
03:14 Hunter's Hall
05:23 Moon Well
06:44 Moon Well
06:49 Tree of Ages
07:42 Moon Well
08:56 Moon Well
09:49 Tree of Eternity
16:33 Moon Well
16:55 Moon Well
» items
team 2 (winner)
Tearer (
blue | 79 APM | 1911 actions | 24:13)
8 Goblin Tinker
3 Pocket Factory
2 Engineering Upgrade
2 Cluster Rockets
1 Robo-Goblin
5 Archmage
2 Summon Water Elemental
2 Brilliance Aura
1 Mass Teleport
1 Blood Mage
1 Flame Strike
» actions
| Assign group hotkey | 24 | |
| Basic commands | 65 | |
| Build / train | 243 | |
| Enter build submenu | 55 | |
| Enter hero's abilities submenu | 14 | |
| Give item / drop item | 1 | |
| Right click | 807 | |
| Select / deselect | 273 | |
| Select group hotkey | 314 | |
| Use ability | 115 | |
1911 total
» units
| Peasant | 40 | |
| Rifleman | 14 | |
| Goblin Shredder | 13 | |
| Spell Breaker | 6 | |
| Priest | 1 | |
| Flying Machine | 7 | |
| Mortar Team | 1 | |
| Siege Engine | 1 | |
83 total
» upgrades
| Armor | 3 | |
| Masonry | 3 | |
| Lumber Harvesting | 2 | |
| Gunpowder | 3 | |
| Magic Sentry | 1 | |
| Priest Training | 2 | |
| Long Rifles | 1 | |
| Flak Cannons | 1 | |
| Flying Machine Bombs | 1 | |
| Fragmentation Shards | 1 | |
| Barrage | 1 | |
| Plating | 1 | |
| Swords | 1 | |
| Sorceress Training | 1 | |
22 total
» buildings
| Farm | 9 | |
| Blacksmith | 1 | |
| Barracks | 1 | |
| Altar of Kings | 1 | |
| Keep | 7 | |
| Town Hall | 3 | |
| Lumber Mill | 1 | |
| Guard Tower | 56 | |
| Castle | 6 | |
| Scout Tower | 32 | |
| Arcane Sanctum | 1 | |
| Arcane Vault | 3 | |
| Workshop | 3 | |
| Cannon Tower | 3 | |
127 total
» build order
00:08 Farm
00:32 Blacksmith
01:08 Barracks
01:23 Altar of Kings
01:36 Farm
02:01 Farm
02:41 Farm
03:37 Keep
03:38 Keep
03:38 Keep
03:38 Keep
04:33 Town Hall
05:26 Lumber Mill
05:45 Guard Tower
05:45 Guard Tower
05:45 Guard Tower
06:01 Castle
06:01 Castle
06:01 Castle
06:02 Castle
07:15 Scout Tower
07:18 Scout Tower
07:20 Scout Tower
07:44 Scout Tower
07:45 Scout Tower
08:15 Scout Tower
08:16 Scout Tower
08:32 Scout Tower
08:33 Scout Tower
08:46 Guard Tower
08:46 Guard Tower
08:47 Guard Tower
08:47 Guard Tower
08:52 Guard Tower
08:52 Guard Tower
09:04 Scout Tower
09:05 Scout Tower
09:11 Scout Tower
09:12 Scout Tower
09:17 Scout Tower
09:19 Scout Tower
09:23 Guard Tower
09:27 Town Hall
09:31 Guard Tower
09:32 Guard Tower
09:32 Guard Tower
09:39 Scout Tower
09:40 Scout Tower
09:43 Arcane Sanctum
09:58 Guard Tower
09:58 Guard Tower
09:59 Guard Tower
10:04 Scout Tower
10:05 Scout Tower
10:07 Guard Tower
10:07 Guard Tower
10:09 Guard Tower
10:09 Guard Tower
10:11 Arcane Vault
10:27 Guard Tower
10:28 Guard Tower
10:28 Guard Tower
10:33 Arcane Vault
10:34 Scout Tower
10:37 Guard Tower
10:37 Guard Tower
10:37 Guard Tower
10:41 Farm
10:43 Farm
11:12 Guard Tower
11:13 Guard Tower
11:21 Farm
11:23 Farm
11:32 Farm
11:59 Workshop
12:13 Guard Tower
12:13 Guard Tower
13:34 Scout Tower
13:35 Scout Tower
14:05 Guard Tower
14:05 Guard Tower
14:05 Guard Tower
14:19 Workshop
14:36 Guard Tower
14:36 Guard Tower
14:44 Workshop
16:35 Town Hall
16:40 Scout Tower
16:41 Scout Tower
16:43 Scout Tower
16:44 Scout Tower
16:47 Scout Tower
16:49 Scout Tower
16:52 Scout Tower
16:59 Arcane Vault
17:00 Scout Tower
17:08 Scout Tower
17:09 Scout Tower
17:19 Guard Tower
17:19 Guard Tower
17:19 Guard Tower
17:19 Guard Tower
17:38 Guard Tower
17:38 Guard Tower
17:38 Guard Tower
18:13 Cannon Tower
18:13 Cannon Tower
» items
| Scroll of Town Portal | 1 | |
| Staff of Sanctuary | 1 | |
| Orb of Fire | 1 | |
| Potion of Healing | 1 | |
4 total
Dread (
yellow | 143 APM | 3471 actions | 24:13)
6 Death Knight
3 Death Coil
3 Unholy Aura
4 Lich
2 Frost Nova
2 Dark Ritual
1 Crypt Lord
1 Impale
» actions
| Assign group hotkey | 22 | |
| Basic commands | 74 | |
| Build / train | 53 | |
| ESC pressed | 1 | |
| Enter build submenu | 21 | |
| Enter hero's abilities submenu | 12 | |
| Give item / drop item | 1 | |
| Right click | 1277 | |
| Select / deselect | 302 | |
| Select group hotkey | 1607 | |
| Use ability | 101 | |
3471 total
» units
| Acolyte | 8 | |
| Ghoul | 4 | |
| Crypt Fiend | 7 | |
| Frost Wyrm | 5 | |
24 total
» upgrades
| Web | 1 | |
| Burrow | 1 | |
| Creature Attack | 2 | |
| Creature Carapace | 1 | |
| Freezing Breath | 1 | |
6 total
» buildings
| Graveyard | 1 | |
| Crypt | 2 | |
| Altar of Darkness | 1 | |
| Ziggurat | 11 | |
| Tomb of Relics | 3 | |
| Halls of the Dead | 1 | |
| Spirit Tower | 6 | |
| Black Citadel | 1 | |
| Sacrificial Pit | 1 | |
| Boneyard | 2 | |
| Necropolis | 2 | |
31 total
» build order
00:15 Graveyard
00:28 Crypt
00:43 Altar of Darkness
01:00 Ziggurat
01:15 Tomb of Relics
02:05 Ziggurat
04:14 Halls of the Dead
04:54 Ziggurat
05:19 Crypt
05:48 Spirit Tower
06:35 Black Citadel
06:42 Sacrificial Pit
08:39 Ziggurat
09:19 Boneyard
09:20 Boneyard
09:45 Necropolis
10:07 Spirit Tower
10:08 Spirit Tower
10:10 Spirit Tower
10:13 Ziggurat
10:16 Ziggurat
14:14 Ziggurat
14:15 Ziggurat
14:16 Ziggurat
14:17 Tomb of Relics
16:31 Spirit Tower
18:33 Tomb of Relics
18:44 Ziggurat
18:45 Ziggurat
20:45 Spirit Tower
22:58 Necropolis
» items
HornyPeons (
teal | 78 APM | 1893 actions | 24:13)
5 Far Seer
3 Feral Spirit
2 Chain Lighting
1 Archmage
1 Summon Water Elemental
4 Firelord
2 Summon Lava Spawn
2 Soul Burn
3 Beastmaster
2 Summon Bear
1 Summon Hawk
» actions
| Assign group hotkey | 38 | |
| Basic commands | 197 | |
| Build / train | 181 | |
| Enter build submenu | 52 | |
| Enter hero's abilities submenu | 14 | |
| Give item / drop item | 1 | |
| Remove unit from queue | 5 | |
| Right click | 267 | |
| Select / deselect | 494 | |
| Select group hotkey | 496 | |
| Use ability | 148 | |
1893 total
» units
| Peon | 6 | |
| Peasant | 8 | |
| Footman | 8 | |
| Grunt | 5 | |
| Goblin Shredder | 5 | |
| Siege Engine | 3 | |
| Spirit Walker | 2 | |
| Shaman | 2 | |
| Tauren | 6 | |
| Mortar Team | 3 | |
48 total
» upgrades
| Masonry | 3 | |
| Lumber Harvesting | 2 | |
| Gunpowder | 3 | |
| Plating | 3 | |
| Ranged Weapons | 0 | |
| Armor | 4 | |
| Melee Weapons | 3 | |
| Reinforced Defenses | 1 | |
| Spirit Walker Training | 2 | |
| Shaman Training | 2 | |
| Barrage | 1 | |
| Pulverize | 1 | |
| Fragmentation Shards | 1 | |
| Flare | 1 | |
27 total
» buildings
| Altar of Storms | 1 | |
| Farm | 18 | |
| Altar of Kings | 1 | |
| Barracks | 2 | |
| Orc Burrow | 7 | |
| Lumber Mill | 1 | |
| Arcane Vault | 2 | |
| Stronghold | 4 | |
| Keep | 4 | |
| Scout Tower | 4 | |
| War Mill | 2 | |
| Voodoo Lounge | 1 | |
| Guard Tower | 5 | |
| Fortress | 1 | |
| Castle | 1 | |
| Blacksmith | 1 | |
| Spirit Lodge | 2 | |
| Workshop | 4 | |
| Tauren Totem | 2 | |
63 total
» build order
00:20 Altar of Storms
00:25 Farm
00:28 Altar of Kings
00:36 Barracks
00:39 Orc Burrow
00:48 Farm
00:59 Barracks
01:07 Farm
01:11 Farm
01:14 Farm
01:50 Farm
01:55 Orc Burrow
02:32 Farm
02:35 Lumber Mill
02:37 Arcane Vault
02:44 Arcane Vault
03:32 Stronghold
03:33 Stronghold
03:33 Stronghold
03:47 Keep
03:47 Keep
03:47 Keep
03:51 Scout Tower
03:52 Scout Tower
04:25 War Mill
04:32 Orc Burrow
04:36 Voodoo Lounge
04:51 Orc Burrow
04:56 Farm
05:00 Guard Tower
05:02 Scout Tower
05:02 Scout Tower
06:07 Fortress
06:09 Castle
06:13 Guard Tower
06:13 Guard Tower
06:13 Guard Tower
06:16 Blacksmith
06:34 Farm
08:30 Spirit Lodge
08:33 Spirit Lodge
08:56 Workshop
09:00 Workshop
09:04 Workshop
10:03 Tauren Totem
10:04 Tauren Totem
11:54 Farm
11:54 Farm
11:56 Farm
11:57 Farm
12:06 Orc Burrow
12:07 Orc Burrow
13:11 Workshop
16:58 War Mill
17:29 Orc Burrow
17:36 Farm
17:38 Farm
17:41 Farm
17:42 Farm
18:48 Farm
Chat log
(00:14 / All) 13fr6: u fuckers better stay
(00:17 / All) 13fr6: finally found a game
(00:32 / All) dixout: took me a whole 2 min'
(00:42 / All) 13fr6: tell me your staying or im goddam throwing htis laptop across the room
(00:56 / All) dixout: penis
(01:22 / Allies) 13fr6: im gonna do zeppelin tank drops
(01:42 / Allies) 13fr6: watch and learn my dear dear allies
(01:45 / Allies) dixout: you going to take expo?
(01:49 / Allies) 13fr6: ofcourse
(01:58 / Allies) 13fr6: ty
(02:05 / Allies) dixout: then im doing bats
(02:13 / Allies) 13fr6: i hope it was just me or i wouldnt feel special green
(02:29 / Allies) PVTMcNuugets: only you ;)
(02:42 / Allies) 13fr6: aha
(02:52 / Allies) 13fr6: im awkwardly aroused in a very wierd wierd way
(03:05 / Allies) PVTMcNuugets: good.
(04:13 / Allies) 13fr6: come all
(04:15 / Allies) 13fr6: lets creep together
(04:47 / Allies) 13fr6: help this footie
(04:53 / Allies) 13fr6: we must avenge !!!
(05:07 / Allies) 13fr6: come guys help me out lol
(05:10 / Allies) dixout: who wants the gm?
(05:15 / Allies) 13fr6: me
(05:30 / Allies) 13fr6: let image take dmaag
(06:27 / Allies) PVTMcNuugets: who wants?
(07:17 / Allies) 13fr6: OH FUCK
(07:42 / All) 13fr6: niiiiggggggaaaaaa
(08:13 / All) 13fr6: NIIIIGGGGGAAAAAA
(08:32 / All) 13fr6: niiiiggggaaaaa
(08:46 / All) dixout: i am drunk wtf is going on
(09:09 / Allies) 13fr6: where did i put my shredder
(09:20 / Allies) dixout: he workin
(09:21 / Allies) 13fr6: oh yeah
(09:35 / Allies) dixout: ty
(10:06 / Allies) 13fr6: i need 800 wood
(10:07 / Allies) 13fr6: pls
(10:25 / Allies) 13fr6: that will work
(10:58 / Allies) 13fr6: zeps cost 60 wood lol
(11:02 / Allies) 13fr6: i need about 10 zeps
(11:38 / Allies) 13fr6: are u guys gonna stop him?
(11:41 / Allies) 13fr6: or shud i lol
(12:01 / Allies) 13fr6: wood pls
(12:30 / Allies) 13fr6: greeeen
(12:38 / Allies) PVTMcNuugets: well...
(14:40 / Allies) dixout: oj can i get lumber
(15:24 / Allies) dixout: wish oj could english
(15:29 / Allies) dixout: we all meed lumber
(15:32 / Allies) dixout: and he as it
(16:21 / All) HornyPeons: WHAT A FUCKING DISAPPONTMNET
(16:29 / Allies) PVTMcNuugets: i hate to break it to you guys but
(16:33 / Allies) PVTMcNuugets: im not very good
(16:36 / All) HornyPeons: JUST LEAVE AND NEVER COME BACK
(16:42 / Allies) PVTMcNuugets: and we are not winning
(17:26 / Allies) 13fr6: no
(17:27 / Allies) 13fr6: dont tp
(17:28 / Allies) 13fr6: tp out
(17:29 / Allies) 13fr6: tp out
(17:29 / Allies) 13fr6: omg
(17:32 / Allies) 13fr6: lol
(17:35 / Allies) 13fr6: i tped out with everything
(17:40 / Allies) 13fr6: lollll
(17:42 / Allies) 13fr6: green get out of there
(17:43 / Allies) 13fr6: omg
(17:52 / Allies) 13fr6: green hide somewhere
(19:32 / Allies) PVTMcNuugets: holly archers!!!!
(19:52 / Allies) PVTMcNuugets: death charge their base?
(20:26 / Allies) 13fr6: move aside son
(20:30 / Allies) 13fr6: let the pitlord do his thang
(20:38 / Allies) 13fr6: oj ur fuckin archers
(20:44 / Allies) 13fr6: oj go in
(20:45 / Allies) 13fr6: go inside
(20:57 / Allies) PVTMcNuugets: gg.
(21:09 / Allies) PVTMcNuugets: ily pink
(21:21 / Allies) PVTMcNuugets: orange you were ok
(21:22 / Allies) 13fr6: aha thanks
(21:28 / Allies) 13fr6: why might i ask
(21:37 / Allies) 13fr6: hint hint im looking for flattery
(22:09 / Allies) PVTMcNuugets: your weirder than i am and i am intreaged
(23:24 / All) 13fr6: fudge u bluuuuuu
(23:29 / Allies) 13fr6: ya its tru i am wied
(23:35 / Allies) 13fr6: LOL
(23:37 / Allies) 13fr6: GOT HIS EXPO TOO
(23:50 / Allies) 13fr6: alright gg guys
(23:53 / All) 13fr6: well done by all
(23:55 / All) 13fr6: was a fun game
(24:00 / All) 13fr6: i am greatly pleased
(24:05 / All) HornyPeons: ;)